Map: Lerilak Crest

Players

Blackberry - Winner!

  • Race: Zerg Zerg
  • League: Diamond

LilDicky

  • Race: Terran Terran
  • League: Diamond

VOD

http://www.twitch.tv/tumescentpie

Description

Time

  • Played on: Dec. 1, 2015, 2:08 p.m.
  • Length: 14:54
Show
View Real Time Build Order
Export as new Build Order

Blackberry Zerg - Winner!

Build Orders: Hatch First, Muta Ling Bane 

Get SALT Encoding   

  12  0:01  Drone  
  13  0:12  Overlord  
  13  0:20  Drone  
  14  0:34  Drone x2  
  17  0:35  Drone  
  17  0:53  Hatchery  
  16  0:57  Drone  
  17  1:05  Drone  
  18  1:19  Spawning Pool  
  18  1:21  Drone  
  18  1:22  Drone, Extractor  
  18  1:43  Overlord  
  18  1:44  Drone  
  19  1:56  Drone  
  20  2:06  Queen, Zergling x2  
  20  2:07  Queen  
  25  2:09  Drone  
  26  2:21  Metabolic Boost  
  26  2:27  Drone x4  
  30  2:45  Queen x2  
  30  2:51  Overlord  
  34  2:52  Drone x2  
  34  2:57  Overlord  
  36  3:08  Overlord  
  36  3:09  Drone x3  
  39  3:22  Drone x2  
  39  3:23  Drone x4  
  44  3:33  Overlord  
  44  3:34  Zergling x4  
  46  3:42  Lair, Extractor  
  46  3:45  Drone x2  
  47  3:57  Zergling x4  
  47  4:02  Overlord  
  49  4:04  Zergling x6  
  49  4:08  Drone  
  49  4:09  Drone, Zergling x2  
  55  4:10  Zergling x2  
  56  4:21  Overlord  
  56  4:25  Drone x2  
  56  4:26  Evolution Chamber  
  56  4:28  Evolution Chamber  
  49  4:40  Hatchery  
  48  4:50  Drone x2  
  48  4:51  Drone x5, Extractor  
  54  4:53  Drone  
  54  4:56  Zerg Melee Weapons Level 1, Extractor  
  54  4:59  Drone x2  
  56  5:00  Spire  
  55  5:14  Zerg Ground Armor Level 1  
  55  5:19  Drone x2  
  56  5:26  Spore Crawler  
  56  5:27  Overlord x3  
  56  5:28  Spine Crawler  
  54  5:45  Zergling x2  
  54  5:46  Zergling x8  
  59  5:51  Drone  
  59  5:52  Spore Crawler  
  59  5:55  Drone  
  59  5:56  Drone x7  
  67  5:58  Queen  
  67  6:03  Drone  
  70  6:12  Overlord  
  70  6:13  Overlord  
  70  6:17  Zerg Flyer Weapons Level 1  
  70  6:18  Drone x2  
  70  6:19  Drone  
  70  6:21  Extractor  
  70  6:24  Extractor  
  71  6:33  Drone x7  
  78  6:51  Mutalisk x6  
  90  6:54  Pneumatized Carapace  
  90  6:57  Overseer  
  90  6:58  Mutalisk  
  90  6:59  Mutalisk  
  94  7:07  Drone x2  
  94  7:08  Drone x4  
  100  7:21  Hatchery  
  99  7:24  Mutalisk x4  
  99  7:27  Overlord  
  99  7:28  Overlord x3  
  107  7:52  Zergling x18  
  107  7:57  Baneling Nest, Zerg Melee Weapons Level 2  
  115  8:00  Zerg Ground Armor Level 2  
  115  8:14  Zergling x14  
  122  8:34  Infestation Pit  
  122  8:40  Centrifical Hooks  
  121  8:41  Baneling  
  121  8:42  Baneling x18  
  121  8:43  Zergling x20  
  121  8:44  Zergling x4  
  133  9:03  Zergling x12  
  133  9:05  Drone  
  133  9:06  Drone x2  
  141  9:11  Hatchery  
  141  9:14  Hive  
  141  9:15  Zerg Flyer Weapons Level 2  
  141  9:16  Overlord x4  
  140  9:20  Hatchery  
  139  9:36  Zergling x2  
  139  9:37  Zergling x18  
  120  9:53  Zergling x2  
  120  9:54  Zergling x16  
  121  10:06  Drone x5  
  124  10:08  Extractor  
  124  10:10  Extractor  
  110  10:18  Mutalisk x4  
  105  10:39  Adrenal Glands  
  105  10:41  Ultralisk Cavern  
  104  10:45  Drone x8  
  104  10:49  Drone x3  
  112  11:05  Zergling x28  
  112  11:06  Zergling x2  
  112  11:08  Zerg Ground Armor Level 3, Zerg Melee Weapons Level 3  
  127  11:29  Ultralisk x5  
  127  11:30  Ultralisk  
  163  11:35  Chitinous Plating  
  163  11:40  Pathogen Glands  
  163  11:47  Baneling  
  163  11:48  Baneling x9  
  163  11:51  Zergling x2  
  163  11:52  Zergling x14  
  171  11:54  Overlord x3  
  171  11:55  Overlord x3  
  171  12:26  Zergling x36  
  171  12:27  Zergling x6  
  158  12:47  Zergling x6  
  158  12:48  Zergling x10  
  162  12:55  Zergling x10  
  147  13:01  Extractor  
  147  13:03  Infestor x6, Extractor  
  144  13:33  Zergling x2  
  144  13:34  Zergling x38  
  140  13:57  Zergling x18  
  140  13:58  Zergling x16  
  140  14:02  Baneling x15  
  150  14:03  Baneling  
  148  14:12  Ultralisk x2  
  148  14:13  Ultralisk x5  
Show
View Real Time Build Order
Export as new Build Order

LilDicky Terran 

Build Orders: Reaper Expand 

Get SALT Encoding   

  12  0:01  SCV  
  13  0:13  SCV  
  14  0:17  Supply Depot  
  14  0:25  SCV  
  15  0:29  Refinery  
  15  0:38  SCV  
  16  0:45  Barracks  
  16  1:08  SCV  
  17  1:20  SCV  
  18  1:33  SCV  
  18  1:39  Reaper  
  20  1:46  Command Center  
  20  1:51  Orbital Command  
  20  2:04  Factory  
  20  2:16  Supply Depot, Barracks Tech Lab  
  20  2:22  SCV  
  21  2:33  Refinery  
  21  2:34  SCV  
  21  2:46  SCV  
  22  2:56  Siege Tank  
  22  2:58  SCV  
  26  2:59  Marine  
  26  3:04  Orbital Command  
  27  3:10  SCV  
  28  3:19  Barracks Reactor  
  27  3:33  Siege Tank  
  29  3:40  SCV x2  
  31  3:43  Command Center  
  31  3:52  Supply Depot  
  31  3:56  Marine x2  
  31  3:57  SCV  
  31  3:59  SCV  
  35  4:07  Starport  
  35  4:11  SCV  
  35  4:15  Supply Depot  
  35  4:16  SCV  
  35  4:17  Marine  
  38  4:28  SCV x2, Marine  
  38  4:30  Liberator  
  41  4:32  Siege Tank  
  41  4:37  Marine  
  44  4:40  SCV x2  
  46  4:52  SCV  
  50  4:53  SCV, Refinery  
  50  4:55  Supply Depot  
  50  4:56  Orbital Command  
  50  4:59  Marine x2  
  52  5:05  SCV  
  54  5:20  Supply Depot  
  54  5:22  Siege Tank  
  54  5:26  SCV  
  54  5:27  SCV  
  59  5:31  Orbital Command  
  59  5:34  Command Center  
  59  5:47  Supply Depot  
  59  5:49  SCV x2  
  61  5:55  Barracks  
  61  5:57  Barracks  
  61  5:58  Engineering Bay x2  
  61  6:01  SCV, Liberator x2  
  62  6:13  Marine  
  62  6:16  Siege Tank  
  66  6:20  SCV  
  66  6:24  Refinery  
  66  6:25  Refinery  
  73  6:31  Marine  
  74  6:44  Terran Infantry Armor Level 1  
  74  6:45  Missile Turret  
  74  6:48  Siege Tank, Marine  
  74  6:49  Marine  
  74  6:53  Refinery  
  59  6:54  Liberator  
  79  7:13  SCV x2  
  84  7:16  SCV  
  84  7:17  Missile Turret  
  84  7:20  Orbital Command  
  85  7:23  Command Center, Barracks Tech Lab  
  85  7:24  Barracks Tech Lab  
  85  7:25  SCV x2  
  85  7:28  SCV, Missile Turret  
  88  7:37  SCV x2  
  88  7:41  Marine  
  88  7:42  Siege Tank  
  94  7:46  Missile Turret  
  94  7:59  Missile Turret  
  94  8:00  Missile Turret  
  94  8:01  Missile Turret  
  94  8:02  SCV x2, Missile Turret x2  
  96  8:06  Missile Turret, Marine x2  
  96  8:07  Missile Turret  
  96  8:10  Stimpack  
  96  8:12  Terran Infantry Weapons Level 1  
  98  8:17  Missile Turret  
  98  8:18  Missile Turret, Marine  
  99  8:25  Missile Turret  
  99  8:28  Missile Turret  
  99  8:34  Marine  
  99  8:35  Marine  
  99  8:36  Missile Turret  
  101  8:48  Command Center  
  101  8:51  Marine  
  101  8:52  Marine x2  
  101  8:55  Orbital Command  
  104  9:04  Barracks  
  104  9:08  Marine  
  104  9:09  Barracks  
  105  9:11  Barracks, Marine x2  
  107  9:20  Siege Tank  
  110  9:26  SCV x3, Marine  
  110  9:29  Marine  
  90  9:57  Marine x2  
  90  9:59  Marauder  
  85  10:14  Marine  
  85  10:15  Marine x4  
  85  10:17  Barracks  
  85  10:20  Barracks, Marine  
  87  10:23  Planetary Fortress  
  87  10:32  Marine  
  87  10:33  Marine x3  
  87  10:34  Marine  
  88  10:37  Marine  
  88  10:39  Siege Tank  
  89  10:44  SCV x3  
  91  10:50  Marine  
  91  10:51  Marine x3  
  91  10:52  Marine  
  91  10:53  Missile Turret  
  91  10:56  SCV x2  
  98  10:59  SCV x2  
  98  11:00  Marine  
  101  11:08  Marine  
  101  11:09  Marine  
  101  11:10  Factory  
  101  11:11  SCV x2, Factory, Missile Turret  
  105  11:15  Marine x2  
  105  11:16  Marauder  
  109  11:19  Marauder  
  109  11:20  Missile Turret  
  109  11:24  Siege Tank  
  114  11:26  Marine  
  114  11:27  Marine  
  114  11:30  Barracks Reactor  
  114  11:32  Barracks Reactor  
  116  11:33  Marine x2  
  116  11:36  Armory  
  116  11:37  Marine  
  116  11:38  SCV x2  
  116  11:39  Marine  
  121  11:44  Marine  
  123  11:55  Marauder  
  123  11:58  Siege Tank  
  123  12:00  Medivac x2  
  132  12:04  Marine x3  
  132  12:05  Supply Depot, Marine x2  
  137  12:08  Factory Tech Lab x2  
  137  12:13  Missile Turret  
  137  12:15  Marine  
  137  12:17  Barracks, Marauder  
  137  12:18  Barracks, Marine x2  
  137  12:19  Barracks  
  137  12:20  Command Center  
  137  12:21  Marine  
  143  12:23  Marauder  
  145  12:30  Siege Tank  
  145  12:34  Marine x2  
  134  12:38  Marauder  
  98  12:44  Marauder  
  81  12:54  Marine x5  
  81  12:55  Marine x3  
  76  12:59  Marauder  
  76  13:02  Thor  
  76  13:03  Liberator x2  
  92  13:06  Marauder  
  92  13:11  Marine x2  
  92  13:12  Marine x6  
  96  13:13  Orbital Command, Marine x2  
  96  13:20  Marine  
  91  13:27  Marine  
  91  13:29  Marine x3  
  91  13:30  Marine x7  
  86  13:38  Marine  
  72  13:44  Marine  
  72  13:46  Liberator  
  72  13:47  Marine x3  
  72  13:48  Marine x2  
  77  13:51  Marine x3  
  77  13:52  Marine  
  73  13:56  Marauder  
  69  14:02  SCV  
  69  14:03  SCV x2, Marauder  
  69  14:05  Marine x3  
  77  14:15  SCV x3  
  71  14:28  SCV  
  71  14:29  Marine  
  71  14:30  Marine x3  
Tags
 
Add a new tag
Caveats
  • Supply blocks, unpowered buildings, or Contaminate may cause inaccurate times.
  • Supply counts are checked every 10 seconds.